 Dungeon Crawl Stone Soup version 0.20.1-1-g8b1a95d (webtiles) character file.

585 Lanoc the Covert (level 7, -7/47 HPs)
             Began as an Octopode Monk on Nov 28, 2017.
             Was a Priest of Dithmenos.
             Mangled by an ogre
             ... wielding a +0 giant club
              (31 damage)
             ... on level 4 of the Dungeon.
             The game lasted 00:15:12 (3297 turns).

Lanoc the Covert (Octopode Monk)                    Turns: 3297, Time: 00:15:12

Health: -7/47      AC:  1    Str: 11    XL:     7   Next: 37%
Magic:  7/7        EV: 15    Int: 12    God:    Dithmenos [***...]
Gold:   160        SH:  0    Dex: 16    Spells: 6/6 levels left

rFire    . . .     SeeInvis .   v - +3 dagger (venom)
rCold    . . .     Gourm    .   (no shield)
rNeg     . . .     Faith    .   (helmet restricted)
rPois    .         Spirit   .   e - amulet of harm
rElec    .         Reflect  .   u - ring of flight
rCorr    .         Harm     +   (no ring)
MR       .....                  (no ring)
Stlth    +++++++...             (no ring)
Regen    0.2/turn               (no ring)
MPRegen  0.1/turn               (no ring)
                                (no ring)
                                (no ring)

@: wreathed by umbra
A: almost no armour, stealthy swim, amphibious, 8 rings, constrict 8, camouflage
1, gelatinous body 1
a: Shadow Step, Renounce Religion, Evoke Flight


You were on level 4 of the Dungeon.
You worshipped Dithmenos.
Dithmenos was most pleased with you.
You were not hungry.

You visited 1 branch of the dungeon, and saw 4 of its levels.
You also visited: Sewer.

You collected 160 gold pieces.

Inventory:

Hand Weapons
 a - a +0 short sword
 c - a +0 dagger of draining
 k - a +0 vampiric short sword
 n - a +2 trident of freezing
 o - a +1 dagger of venom
 v - a +3 dagger of venom (weapon)
Missiles
 i - 3 silver tomahawks (quivered)
 l - 5 tomahawks
Jewellery
 e - an amulet of harm (around mantle)
 u - a ring of flight (left tentacle)
Scrolls
 g - a scroll of teleportation
 m - 2 scrolls of enchant armour {unknown}
 q - 3 scrolls of blinking
 y - a scroll of identify
 C - a scroll of amnesia
Potions
 d - a potion of lignification {unknown}
 j - 3 potions of curing
 p - a potion of degeneration {unknown}
 r - 2 potions of might {unknown}
 s - 4 potions of heal wounds {unknown}
 t - 5 potions of haste {unknown}
 w - a potion of agility {unknown}
 x - 2 potions of magic {unknown}
 z - a potion of resistance {unknown}
 A - a potion of invisibility {unknown}
 B - 3 potions of brilliance {unknown}
 D - a potion of cancellation {unknown}
Comestibles
 b - 3 bread rations
 f - 4 chunks of flesh
 h - 2 meat rations


   Skills:
 + Level 3.8 Fighting
 + Level 4.0 Short Blades
 + Level 0.4 Throwing
 + Level 3.4 Dodging
 * Level 9.6 Stealth


You had 6 spell levels left.
You didn't know any spells.

Dungeon Overview and Level Annotations

Branches:
Dungeon (4/15)
 Temple: D:4-7

Altars:
Dithmenos
Vehumet
Yredelemnul
Zin


Innate Abilities, Weirdness & Mutations

You cannot wear most types of armour.
You are very stealthy in the water. (Stealth+)
You are amphibious.
You can wear up to eight rings at the same time.
You can use your tentacles to constrict eight enemies at once.
Your skin changes colour to match your surroundings (Stealth+).
Your rubbery body absorbs attacks. (AC +1, EV +1)


Message History

An orc warrior comes into view. It is wielding a dire flail.
The orc warrior moves out of view.
Some of the chunks of flesh in your inventory have rotted away.
Throwing (i - inventory. (,) - cycle):
i - 5 silver tomahawks (quivered)
Press: ? - help, Shift-Dir - straight line, f - ogre
Aim: an ogre, wielding a giant club (umbra)
You throw a silver tomahawk. The silver tomahawk hits the ogre.
The ogre is lightly wounded.
Throwing (i - inventory. (,) - cycle):
i - 4 silver tomahawks (quivered)
Press: ? - help, Shift-Dir - straight line, f/p - ogre
Aim: an ogre, wielding a giant club (lightly wounded, umbra)
You throw a silver tomahawk. The silver tomahawk hits the ogre.
The ogre is moderately wounded.
The ogre hits you with a giant club!
You feel better.
You barely miss the ogre. You squeeze the ogre.
The ogre is heavily wounded.
The ogre hits you with a giant club!!
Ouch! That really hurt!
You die...

..........##...# #...#..........
..........###### #..............
.............######..............
.................##..(...........
.....#####.......................
###### #..........##.......####
#..(.......##.......#
#...............>...#
##....O@..........###
####............<#
#.....######### #.....# #.....#
#.....# #.....# #######


You could see an ogre.

Vanquished Creatures
  2 ogres (D:4)
  A hound (D:4)
  Jessica (D:3)
  An iguana (D:4)
  Ijyb (D:3)
  3 worker ants (D:4)
  The ghost of letownia2 the Grave Robber, a weakling DDNe (D:4)
  4 gnolls (D:3)
  6 adders
  2 oozes
  An adder skeleton (D:4)
  A worm (D:3)
  2 dart slugs
  3 leopard geckos
  9 orcs
  2 ball pythons (Sewer)
  12 giant cockroaches
  5 goblins
  10 hobgoblins
  6 jackals (Sewer)
  3 bats
  10 frilled lizards
  16 kobolds
  A leopard gecko skeleton (D:4)
  A quokka zombie (D:3)
  9 rats
  5 plants
118 creatures vanquished.

Notes
Turn   | Place    | Note
-------+----------+-------------------------------------------
     0 | D:1      | Lanoc the Octopode Monk began the quest for the Orb.
     0 | D:1      | Reached XP level 1. HP: 16/16 MP: 1/1
    78 | D:1      | Reached skill level 3 in Stealth
   204 | D:1      | Reached XP level 2. HP: 21/21 MP: 2/2
   888 | D:2      | Reached XP level 3. HP: 25/26 MP: 3/3
   922 | D:2      | Found a radiant altar of Vehumet.
  1044 | D:2      | Reached skill level 4 in Stealth
  1058 | D:2      | Reached XP level 4. HP: 28/32 MP: 4/4
  1503 | D:3      | Reached skill level 5 in Stealth
  1517 | D:3      | Found a glowing silver altar of Zin.
  1559 | D:3      | Found a shadowy altar of Dithmenos.
  1560 | D:3      | Found a basalt altar of Yredelemnul.
  1567 | D:3      | Became a worshipper of Dithmenos the Shadowed
  1567 | D:3      | Reached * piety under Dithmenos
  1567 | D:3      | Reached ** piety under Dithmenos
  1603 | D:3      | Noticed Ijyb
  1612 | D:3      | Found a glowing drain.
  1619 | D:3      | Reached XP level 5. HP: 33/37 MP: 5/5
  1626 | D:3      | Killed Ijyb
  1635 | D:3      | Reached skill level 6 in Stealth
  1675 | Sewer    | Entered a sewer
  2330 | D:3      | Noticed Jessica
  2335 | D:3      | Killed Jessica
  2335 | D:3      | Reached skill level 7 in Stealth
  2335 | D:3      | Reached XP level 6. HP: 43/43 MP: 6/6
  2874 | D:4      | Noticed letownia2's ghost (weakling DDNe)
  2898 | D:4      | Killed letownia2's ghost
  2926 | D:4      | Reached *** piety under Dithmenos
  2997 | D:4      | Reached skill level 8 in Stealth
  3049 | D:4      | Reached XP level 7. HP: 47/47 MP: 7/7
  3221 | D:4      | Reached skill level 9 in Stealth
  3297 | D:4      | Mangled by an ogre

Skill      XL: |  1  2  3  4  5  6  7 |
---------------+----------------------+-----
Stealth        | 3 4 5 7 8 9 |  9.6
Short Blades   | 4 |  4.0
Fighting       | |  3.8
Throwing       | |  0.4
Dodging        | |  3.4

Action                   |  1- 3 |  4- 6 |  7- 9 || total
-------------------------+-------+-------+-------++-------
Melee: Short sword       |    52 |    41 |       ||    93
       Constrict         |    13 |    55 |     1 ||    69
       Tentacles         |     7 |    65 |     3 ||    75
       Dagger            |     5 |   193 |    12 ||   210
Throw: Tomahawk          |       |     2 |     2 ||     4
  Use: Scroll            |       |     8 |       ||     8
       Potion            |       |     2 |     1 ||     3
 Stab: Sleeping          |     9 |    26 |     3 ||    38
  Eat: Bread ration      |     1 |       |       ||     1
       Chunk             |     1 |     6 |     1 ||     8
Armor: Skin              |     2 |     3 |       ||     5
Dodge: Dodged            |    26 |    98 |     3 ||   127
